 Dungeon Crawl Stone Soup version 0.28.0-45-g0d030f2227 (webtiles) character file.

Game seed: 3277414021788533953

377 101zpm the Magician (level 7, -3/47 HPs)
             Began as a Djinni Ice Elementalist on Apr 12, 2022.
             Engulfed by a cloud of flame (4 damage)
             ... on level 4 of the Dungeon.
             The game lasted 00:22:33 (5250 turns).

101zpm the Magician (Djinni Ice Elementalist)       Turns: 5250, Time: 00:22:33

Health: -3/47      AC:  2    Str:  7    XL:     7   Next: 4%
Gold:   155        EV: 13    Int: 18    God:
                   SH:  0    Dex: 14

rFire   + + +      SeeInvis .   g - staff of fire
rCold   x . .      Faith    .   (no shield)
rNeg    . . .      Spirit   .   a - +0 robe
rPois   ∞          Reflect  .   (no helmet)
rElec   .          Harm     .   (no cloak)
rCorr   .          Rampage  .   (no gloves)
Will    .....                   (boots unavailable)
Stlth   ++........              (no amulet)
HPRegen 0.15/turn               j - ring of protection from fire
MPRegen 0.00/turn               (no ring)

@: freezing walls, flying
A: sickness immunity, fire resistance 2, cold vulnerability 1, float, innate
caster, HP casting, extra vitality 1
a: no special abilities


You were on level 4 of the Dungeon.
You visited 1 branch of the dungeon, and saw 4 of its levels.
You also visited: Sewer.

You collected 155 gold pieces.

Inventory:

Missiles
 k - 57 sling bullets
 l - 68 arrows
 p - 19 poisoned darts
 y - 30 stones
Armour
 a - a +0 robe (worn)
Magical Staves
 g - a staff of fire (weapon)
 q - a staff of death
Jewellery
 j - a ring of protection from fire (left hand)
 x - an amulet of regeneration
Scrolls
 b - 2 scrolls of teleportation
 c - a scroll of amnesia {unknown}
 f - a scroll of identify
 i - a scroll of magic mapping {unknown}
 n - a scroll of immolation {unknown}
 o - 2 scrolls of enchant weapon
 v - a scroll of acquirement {unknown}
Potions
 d - 2 potions of heal wounds {unknown}
 e - a potion of attraction {unknown}
 h - 4 potions of curing
 m - a potion of magic {unknown}
 r - 3 potions of might {unknown}
 s - a potion of degeneration {unknown}
 t - a potion of invisibility {unknown}
 u - a potion of cancellation {unknown}
 w - a potion of lignification {unknown}


   Skills:
 + Level 1.3 Fighting
 + Level 0.5 Staves
 + Level 3.2 Dodging
 + Level 2.2 Stealth
 + Level 5.4 Spellcasting


You couldn't memorise any spells.
You knew the following spells:

 Your Spells              Type           Power      Damage    Failure   Level
a - Freeze                Ice            96%        1d11      1%          1
b - Frozen Ramparts       Ice            48%        1d6       4%          3
c - Ozocubu's Armour      Ice            24%        N/A       4%          3
d - Hailstorm             Conj/Ice       24%        3d7       14%         4
e - Sting                 Tmut/Pois      96%        1d7       1%          1
f - Wereblood             Tmut           24%        N/A       1%          2
g - Conjure Flame         Conj/Fire      36%        6-21      4%          3
Your spell library was empty.

Dungeon Overview and Level Annotations

Branches:
Dungeon (4/15)              Sewer (visited)
 Temple: D:4-7

Altars:
Elyvilon
Kikubaaqudgha


Innate Abilities, Weirdness & Mutations

You are immune to sickness and miasma.
You are immune to poison.
Your flesh is very heat resistant. (rF++)
You are vulnerable to cold. (rC-)
You float through the air rather than walking.
You learn spells naturally, not from books.
Your magical power is your life essence.
You have superior vitality. (+4 MHP)


Message History

You are engulfed in blazing flames.
You resist.
The wall freezes the orc.
The orc hits you but does no damage.
An orc comes into view. It is wielding a +0 hand axe.
An endoplasm comes into view.
Casting: Conjure Flame (dangerous; 4% risk of failure)
Confirm with . or Enter, or press ? or * to list all spells.
You feel a surge of power!
The fire blazes with new energy!
The endoplasm quivers.
You are engulfed in blazing flames.
You resist.
The wall freezes the orc.
You kill the orc!
You are engulfed in blazing flames.
You resist.
The wall freezes the orc.
You are engulfed in blazing flames.
You resist.
The wall freezes the orc.
You kill the orc!
The wall freezes the orc.
You are engulfed in blazing flames.
You resist.
The frozen ramparts melt away.
The orc priest invokes the aid of Beogh against you.
Beogh smites you!
* * * LOW HITPOINT WARNING * * *
Casting: Conjure Flame (dangerous; 4% risk of failure)
Confirm with . or Enter, or press ? or * to list all spells.
Casting: Frozen Ramparts (dangerous; 4% risk of failure)
Press: ? - help, Dir - look around, f - activate
There is a cloud of flame here.
The walls around you are covered in ice.
* * * LOW HITPOINT WARNING * * *
You are engulfed in blazing flames.
You resist.
* * * LOW HITPOINT WARNING * * *
The wall freezes the orc.
You kill the orc!
The wall freezes the quokka.
The orc priest looks satisfied for a moment.
The wall freezes the endoplasm!
You kill the endoplasm!
You are engulfed in blazing flames.
You resist.
* * * LOW HITPOINT WARNING * * *
The wall freezes the quokka.
You kill the quokka!
The wall freezes the orc.
You are engulfed in blazing flames.
You resist.
You die...

######### #......[#
#####.......##
#######.............
#......>.)).........
#.#########.......#
#.# #.......# #.#
#@......# #.#
#o....?.# ######.#
..o.....# #<.....#
...####### ########
....# .....# (......
........


You could see an orc priest and an orc.

Vanquished Creatures
  2 bullfrogs (Sewer)
  9 adders
  4 river rats (Sewer)
  5 worms
  A dart slug (D:3)
  3 orcs (D:4)
  8 endoplasms
  2 giant cockroaches (D:1)
  7 goblins
  9 hobgoblins
  4 jackals (D:1)
  7 kobolds
  7 quokkas
  14 ball pythons
  3 bats
  6 frilled lizards
  35 rats
126 creatures vanquished.

Notes
Turn   | Place    | Note
-------+----------+-------------------------------------------
     0 | D:1      | 101zpm the Djinni Ice Elementalist began the quest for the
                  | Orb.
     0 | D:1      | Reached XP level 1. HP: 15/15 MP: 0/0
   248 | D:1      | Reached XP level 2. HP: 20/21 MP: 0/0
   584 | D:1      | Reached XP level 3. HP: 22/25 MP: 0/0
   584 | D:1      | Learned a level 1 spell: Sting
  1104 | D:2      | Reached skill level 4 in Spellcasting
  1304 | D:2      | Reached XP level 4. HP: 30/31 MP: 0/0
  1582 | D:2      | Found a faded altar of an unknown god.
  2432 | D:3      | Reached XP level 5. HP: 32/35 MP: 0/0
  2432 | D:3      | Learned a level 2 spell: Wereblood
  2804 | D:3      | Found a glowing drain.
  2816 | Sewer    | Entered a sewer
  3487 | Sewer    | HP: 1/35 [adder (1)]
  4062 | Sewer    | Reached skill level 5 in Spellcasting
  4062 | Sewer    | Reached XP level 6. HP: 8/41 MP: 0/0
  4482 | Sewer    | Reached skill level 1 in Fighting
  4744 | D:3      | Found a white marble altar of Elyvilon.
  4906 | D:3      | Reached XP level 7. HP: 41/47 MP: 0/0
  4906 | D:3      | Learned a level 3 spell: Conjure Flame
  5249 | D:4      | HP: 1/47 [cloud of flame (4)]
  5250 | D:4      | Engulfed by a cloud of flame

Illustrated notes

Levels and vault maps discovered:
D:1:      matt_arrival_diagonals, layout_basic, minmay_rat_gold_closets
D:2:      layout_loops_ring, basic_altar, nicolae_ecumenical_oubliette
D:3:      layout_rooms, lemuel_crystal_altar, portal_sewer_entry_d
D:4:      layout_basic

Skill      XL: |  1  2  3  4  5  6 |
---------------+-------------------+-----
Spellcasting   | 4 5 |  5.4
Stealth        | 2 |  2.2
Fighting       | 1 |  1.3
Dodging        | 3 |  3.2
Staves         | |  0.5

Action                   |  1- 3 |  4- 6 |  7- 9 || total
-------------------------+-------+-------+-------++-------
Melee: Staff             |     1 |    45 |     1 ||    47
 Cast: Freeze            |    40 |    17 |     1 ||    58
       Sting             |     6 |    58 |     2 ||    66
       Frozen Ramparts   |       |    18 |     4 ||    22
       Wereblood         |       |     1 |       ||     1
       Hailstorm         |       |     1 |       ||     1
       Conjure Flame     |       |       |     4 ||     4
  Use: Scroll            |       |     3 |       ||     3
 Stab: Sleeping          |       |     2 |       ||     2
Armor: Robe              |     3 |    18 |     2 ||    23
Dodge: Dodged            |    21 |    90 |     2 ||   113
